 Dungeon Sprint DCSS version 0.17.1-3-g152610e (webtiles) character file.

393 Inkary the Fighter (level 6, -10/80 HPs)
             Began as an Ogre Berserker on Apr 5, 2016.
             Was a Believer of Trog.
             Mangled by a skeletal warrior
             ... wielding a +0 war axe
              (15 damage)
             ... in the Dungeon (Sprint II: "The Violet Keep of Menkaure").
             The game lasted 00:02:34 (343 turns).

Inkary the Fighter (Ogre Berserker)                  Turns: 343, Time: 00:02:34

Health: -10/80     AC:  3    Str: 25    XL:     6   Next: 81%
Magic:  6/6        EV: 12    Int:  6    God:    Trog [**....]
Gold:   243        SH:  0    Dex:  9    Spells: 0 memorised, 5 levels left

rFire  . . .     SeeInvis .     a - +0 mace
rCold  . . .     Clarity  .     b - +0 animal skin
rNeg   . . .     SustAt   .     (no shield)
rPois  .         Gourm    .     (helmet restricted)
rElec  .         Spirit   .     (no cloak)
rCorr  .         Warding  .     (gloves unavailable)
rMut   .         NoTele   +     (boots unavailable)
MR     .....                    (no amulet)
Stlth  +.........               (no ring)
                                (no ring)

@: not resistant to hostile enchantments, very unstealthy
A: unfitting armour, tough skin 1
a: Berserk, Trog's Hand, Burn Spellbooks, Renounce Religion


You were in the Dungeon.
You worshipped Trog.
Trog was pleased with you.
You were not hungry.

You visited 1 branch You collected 243 gold pieces.

Inventory:

Hand Weapons
 a - a +0 mace (weapon)
Armour
 b - a +0 animal skin (worn)
Scrolls
 i - a scroll of blinking
Potions
 d - a potion of curing
 f - a potion of haste
 g - 2 potions of magic
 h - a potion of berserk rage
Comestibles
 c - a bread ration


   Skills:
 + Level 11.2 Fighting
 + Level 11.1 Maces & Flails
 + Level 7.8 Dodging
 + Level 1.4 Stealth


You had 5 spell levels left.
You didn't know any spells.

Dungeon Overview and Level Annotations

Branches:
Dungeon (1/1)

Altars:

Annotations:
D exclusion: orange crystal statue, Kirke


Innate Abilities, Weirdness & Mutations

You are too large for most types of armour.
You have tough skin (AC +1).


Message History

The skeletal warrior hits you with a war axe!!
You hit the skeletal warrior but do no damage.
The skeletal warrior is moderately damaged.
You hit the skeletal warrior but do no damage.
The skeletal warrior is moderately damaged.
The skeletal warrior closely misses you.
That item cannot be evoked!
You hit the skeletal warrior but do no damage.
The skeletal warrior is moderately damaged.
The skeletal warrior barely misses you.
You hit the skeletal warrior.
The skeletal warrior is moderately damaged.
You closely miss the skeletal warrior.
The skeletal warrior is moderately damaged.
The skeletal warrior hits you with a war axe!!
* * * LOW HITPOINT WARNING * * *
You barely miss the skeletal warrior.
The skeletal warrior is moderately damaged.
The skeletal warrior hits you with a war axe!
You die...

# @§§§≈≈8≈≈§≈§#
.F####≈≈§§§§§≈≈
.c.≈##§§≈≈§≈
####≈≈#§§§#+++##
###≈≈Y§§§§.§...#
..#≈≈≈≈§##c##..#
..#≈≈≈≈##.Y.## #
..#≈≈≈≈#..##z#
..#≈≈######@##
⌠.#≈# #'## ..#≈
##.## ..+ +.<.+
.. ##.## #+#


You could see a skeletal warrior.

Vanquished Creatures
  Menkaure (D)
  4 brain worms (D)
5 creatures vanquished.

Notes
Turn   | Place    | Note
--------------------------------------------------------------
     0 | D        | Inkary the Ogre Berserker began the quest for the Orb.
     0 | D        | Reached XP level 1. HP: 24/24 MP: 1/1
     1 | D        | Noticed a brain worm
    10 | D        | Killed a brain worm
    10 | D        | Reached skill level 7 in Fighting
    10 | D        | Reached skill level 5 in Dodging
    10 | D        | Reached XP level 2. HP: 20/40 MP: 2/2
    10 | D        | Reached XP level 3. HP: 23/46 MP: 3/3
    10 | D        | Reached XP level 4. HP: 27/55 MP: 4/4
   162 | D        | Noticed a brain worm
   167 | D        | Killed a brain worm
   167 | D        | Reached skill level 8 in Fighting
   167 | D        | Reached XP level 5. HP: 62/66 MP: 5/5
   168 | D        | Noticed a brain worm
   168 | D        | Noticed a brain worm
   173 | D        | Killed a brain worm
   173 | D        | Reached ** piety under Trog
   173 | D        | Reached skill level 9 in Fighting
   173 | D        | Reached skill level 1 in Stealth
   181 | D        | Killed a brain worm
   181 | D        | Reached skill level 10 in Fighting
   181 | D        | Reached skill level 10 in Maces & Flails
   181 | D        | Reached XP level 6. HP: 66/78 MP: 6/6
   235 | D        | Noticed an orange crystal statue
   237 | D        | Noticed Menkaure
   242 | D        | Killed Menkaure
   242 | D        | Reached skill level 11 in Fighting
   318 | D        | Noticed a centaur warrior
   318 | D        | Noticed Kirke
   318 | D        | Noticed a skeletal warrior
   318 | D        | Noticed a yaktaur captain
   319 | D        | Noticed a spiny frog
   324 | D        | Noticed an elephant
   343 | D        | Mangled by a skeletal warrior

Action                   |  1- 3 |  4- 6 || total
-------------------------+-------+-------++-------
Melee: Mace              |     8 |    35 ||    43
  Use: Potion            |       |     1 ||     1
 Stab: Sleeping          |       |     1 ||     1
